 Dungeon Crawl Stone Soup version 0.31-a0-149-g3fdcc5976a (webtiles) character file.

Game seed: 15392070296104433690

272 sokol815 the Covert (level 6, -5/44 HPs)
             Began as an Octopode Brigand on June 7, 2023.
             Constricted to death by Pikel (10 damage)
             ... on level 5 of the Dungeon.
             The game lasted 00:08:20 (3251 turns).

sokol815 the Covert (Octopode Brigand)              Turns: 3251, Time: 00:08:20

Health: -5/44      AC:  1    Str: 10    XL:     6   Next: 23%
Magic:  6/6        EV:  9    Int: 14    God:
Gold:   197        SH:  0    Dex: 15    Spells: 5/5 levels left

rFire   . . .        a - +2 dagger
rCold   . . .        (no shield)
rNeg    . . .        (helmet restricted)
rPois   .            (no amulet)
rElec   .            (no ring)
rCorr   .            (no ring)
SInv    .            (no ring)
Will    .....        (no ring)
Stlth   +++++        (no ring)
HPRegen 0.27/turn    (no ring)
MPRegen 0.10/turn    (no ring)
                     (no ring)

%: no passive effects
@: grasped by roots, constricted
A: almost no armour, amphibious, 8 rings, camouflage 1, gelatinous body 1,
(nimble swimmer 1), tentacles
a: no special abilities


You were on level 5 of the Dungeon.
You visited 1 branch of the dungeon, and saw 5 of its levels.

You collected 197 gold pieces.

Inventory:

Hand Weapons
 a - a +2 dagger (weapon)
 j - a +4 heavy spear
   (You took it off a gnoll on level 4 of the Dungeon)
Missiles
 b - 14 poisoned darts
 c - 3 curare-tipped darts
 e - 7 boomerangs
 s - 49 stones
Armour
 d - an orb of mayhem
   (You found it on level 4 of the Dungeon)
 l - an orb of wrath
   (You found it on level 3 of the Dungeon)
Wands
 q - a wand of flame (13)
   (You found it on level 2 of the Dungeon)
Scrolls
 k - a scroll of enchant armour {unknown}
 m - a scroll of amnesia {unknown}
 Y - 2 scrolls of teleportation {@r3}
Potions
 f - a potion of mutation {unknown}
 g - a potion of invisibility {unknown}
 h - a potion of heal wounds {unknown}
 i - a potion of enlightenment {unknown}
 B - 2 potions of brilliance
 J - a potion of curing {@q1}
 P - a potion of lignification {!q}


   Skills:
 + Level 4.6 Fighting
 - Level 2.0 Short Blades
 - Level 2.0 Throwing
 - Level 1.0 Dodging
 + Level 8.1 Stealth


You had 5 spell levels left.
You didn't know any spells.
Your spell library contained the following spells:

 Spells                   Type           Power      Damage    Failure   Level
 Summon Small Mammal      Summ           0%         N/A       28%         1
 Call Canine Familiar     Summ           0%         N/A       65%         3
 Summon Guardian Golem    Hex/Summ       0%         N/A       65%         3


Dungeon Overview and Level Annotations

Branches:
Dungeon (5/15) Zot: 26759
 Temple: D:4-7

Altars:
Okawaru
Ru

Shops:
D:1 ?   D:4 *

Annotations:
D:2 Sigmund
D:5 Pikel


Innate Abilities, Weirdness & Mutations

You cannot wear most types of armour.
You are amphibious.
You can wear up to eight rings at the same time.
Your skin changes colour to match your surroundings (Stealth+).
Your rubbery body absorbs attacks. (AC +1, EV +1)
((You are camouflaged when in or above water. (Stealth+)))
You have tentacles for arms and can constrict up to eight enemies at once.


Message History

Found a stone staircase leading up.
Health restored: 44
Found a stone staircase leading up.
There is a stone staircase leading up here.
There is a stone staircase leading down here.
There is an open door here.
The helpless endoplasm fails to defend itself.
You stick the endoplasm like a pincushion!!!
You kill the endoplasm!
No target in view!
Found a sacrificial altar of Ru.
You see here an orb of mayhem.
d - an orb of mayhem
There is a sacrificial altar of Ru here.
There is a sacrificial altar of Ru here.
There is an escape hatch in the floor here.
You now have 188 gold pieces (gained 9).
A gnoll comes into view. It is wielding a +4 heavy spear.
A gnoll comes into view. It is wielding a +0 club.
You see here 9 gold pieces.
A gnoll comes into view. It is wielding a +0 flail.
You see here 9 gold pieces.
The gnoll hits you with a +0 club.
You take 3 damage, and have 41/44 hp.
You hit the gnoll. You grab the gnoll. You squeeze the gnoll.
You constrict the gnoll. The gnoll hits you with a +0 club.
You take 3 damage, and have 38/44 hp.
You hit the gnoll.
You kill the gnoll!
Things that are here:
a +0 club; a gnoll corpse Health restored: 44 The helpless gnoll fails to defend itself.
You impale the gnoll!!
You kill the gnoll!
You see here a +0 flail.
The helpless gnoll fails to defend itself.
You spit the gnoll like a pig!!!
You kill the gnoll!
You see here a +4 heavy spear.
j - a +4 heavy spear You now have 197 gold pieces (gained 9).
Done exploring.
Done exploring.
(D) Dungeon
Where to? (Enter - D:4, ? - help)
Things that are here:
a +0 club; a gnoll corpse
There is a stone staircase leading down here.
You climb downwards.
There is a stone staircase leading up here.
s - 49 stones (gained 6)
You open the large door. 2 lemures come into view.
Pikel and 2 lemures come into view.
Pikel is wielding a +0 whip of electrocution and carrying a wand of roots (12).
The lemure shouts! x2; Pikel shouts!
Pikel zaps a wand.
The roots erupt in riotous growth!
The grasping roots grab you!
The lemure is unaffected.
The grasping roots constrict you.
The lemure shouts!
There is a large open door here.
You take 5 damage, and have 39/44 hp.
The roots grasp on you weakens, but your attempt to escape fails.
The lemure hits you. The grasping roots constrict you.
You take 8 damage, and have 31/44 hp.
You escape the roots grasp.
The lemure attacks as you move away! The lemure hits you.
You take 2 damage, and have 29/44 hp.
The lemure attacks as you move away! The lemure hits you!
You take 10 damage, and have 19/44 hp.
MASSIVE DAMAGE!!
The lemure attacks as you move away! The lemure barely misses you.
The lemure attacks as you move away! The lemure hits you.
Pikel zaps a wand.
The roots erupt in riotous growth!
The lemure is unaffected.
The grasping roots grab you!
The lemure is unaffected.
The grasping roots constrict you.
* * * LOW HITPOINT WARNING * * *
Unknown command.
You escape the roots grasp.
The lemure attacks as you move away! The lemure hits you.
* * * LOW HITPOINT WARNING * * *
The lemure attacks as you move away! The lemure hits you.
* * * LOW HITPOINT WARNING * * *
The lemure attacks as you move away! The lemure barely misses you.
You take 14 damage, and have 5/44 hp.
MASSIVE DAMAGE!!
Unknown command.
Pikel zaps a wand.
The roots erupt in riotous growth!
The lemure is unaffected.
The grasping roots grab you!
The lemure is unaffected.
The grasping roots constrict you!
You die...

#...#.....# .
#####''###+#..
#............#
#...5........#
#.K..........#
#########.5..........#
#............####+####
#......55....#
#......@.....#
#............#
#.<.....#####....
#.......# ....
#.......# .....
#.......# .....
#.......# ...
#########


You could see Pikel and 4 lemures.

Vanquished Creatures
  Terence (D:3)
  An iguana (D:4)
  Robin (D:3)
  3 gnolls (D:4)
  7 adders
  A white imp (D:4)
  2 worms (D:2)
  3 dart slugs
  9 orcs
  5 bats
  8 endoplasms
  4 giant cockroaches
  8 goblins
  11 hobgoblins
  3 jackals (D:3)
  7 kobolds
  6 quokkas
  4 ball pythons
  2 frilled lizards (D:1)
  8 rats
94 creatures vanquished.

Notes
Turn   | Place    | Note
-------+----------+-------------------------------------------
     0 | D:1      | sokol815 the Octopode Brigand began the quest for the Orb.
     0 | D:1      | Reached XP level 1. HP: 14/14 MP: 1/1
    47 | D:1      | Found Utwom's Magic Scroll Shop.
   187 | D:1      | Reached XP level 2. HP: 20/20 MP: 2/2
   455 | D:1      | Reached skill level 6 in Stealth
   489 | D:1      | Reached XP level 3. HP: 24/25 MP: 3/3
   627 | D:2      | Reached skill level 3 in Fighting
   847 | D:2      | Found a faded altar of an unknown god.
  1093 | D:2      | Noticed Sigmund
  1119 | D:3      | Noticed Terence
  1119 | D:3      | Noticed Robin
  1135 | D:2      | Reached XP level 4. HP: 20/31 MP: 4/4
  1551 | D:3      | Killed Robin
  1593 | D:3      | Reached skill level 7 in Stealth
  1701 | D:3      | Killed Terence
  1702 | D:3      | Reached XP level 5. HP: 29/37 MP: 5/5
  2048 | D:2      | Reached skill level 4 in Fighting
  2335 | D:4      | Found an iron altar of Okawaru.
  2336 | D:4      | Found Bez Ine's Mass Market.
  2755 | D:4      | Reached skill level 8 in Stealth
  2755 | D:4      | Reached XP level 6. HP: 17/44 MP: 6/6
  3062 | D:4      | Found a sacrificial altar of Ru.
  3226 | D:5      | Entered Level 5 of the Dungeon
  3243 | D:5      | Noticed Pikel
  3249 | D:5      | HP: 7/44 [lemure[Pikel] (6)]
  3251 | D:5      | Constricted to death by Pikel

Illustrated notes

Levels and vault maps discovered:
D:1:      sevenhm_arrival_forest_fort_small_3, layout_basic, serial_shops, shop
D:2:      layout_basic, ebering_ecumenical_altar_mist,
          nicolae_concentric_dashed_squares_wild, minmay_misc_feat_alley,
          uniq_sigmund
D:3:      layout_loops_ring, uniq_terence, uniq_robin
D:4:      layout_basic, mainiacjoe_overflow_chevrons,
          mainiacjoe_overflow_catwalk, minmay_shop_mass, minmay_misc_feat_iff
D:5:      layout_gridville, mainiacjoe_overflow_swirl,
          minmay_temple_entry_poolview, gammafunk_ghost_necromancy, uniq_pikel

Skill      XL: |  1  2  3  4  5 |
---------------+----------------+-----
Stealth        | 6 7 8 |  8.1
Fighting       | 3 4 |  4.6
Short Blades   | |  2.0
Throwing       | |  2.0
Dodging        | |  1.0

Action                     |  1- 3 |  4- 6 || total
---------------------------+-------+-------++-------
  Melee: Dagger            |    59 |   111 ||   170
         Constrict         |    11 |    22 ||    33
         Tentacles         |    10 |    22 ||    32
         Punch             |       |     3 ||     3
    Use: Scroll            |       |     4 ||     4
   Stab: Sleeping          |    21 |    22 ||    43
 Armour: Skin              |     7 |     4 ||    11
  Dodge: Dodged            |    17 |    36 ||    53

Table legend: (Time is in decaauts)
 A = Elapsed time spent in this place.
 B = Non-inter-level travel time spent in this place.
 C = Inter-level travel time spent in this place.
 D = Time resting spent in this place.
 E = Time spent auto-exploring this place.
 F = Levels seen in this place.
 G = Mean time per level.
                   A        B        C        D        E       F      G
               +--------+--------+--------+--------+--------+-----+--------+
         Total |   3239 |   3107 |    132 |     96 |   2250 |   5 |  647.8 |
       Dungeon |   3239 |   3107 |    132 |     96 |   2250 |   5 |  647.8 |
               +--------+--------+--------+--------+--------+-----+--------+

Top non-repeatable levels by time:
     D:2: 965 daAuts
     D:4: 885 daAuts
     D:3: 826 daAuts
     D:1: 537 daAuts
     D:5: 24 daAuts

Levels and vault maps discovered:
D:1:      sevenhm_arrival_forest_fort_small_3, layout_basic, serial_shops, shop
D:2:      layout_basic, ebering_ecumenical_altar_mist,
          nicolae_concentric_dashed_squares_wild, minmay_misc_feat_alley,
          uniq_sigmund
D:3:      layout_loops_ring, uniq_terence, uniq_robin
D:4:      layout_basic, mainiacjoe_overflow_chevrons,
          mainiacjoe_overflow_catwalk, minmay_shop_mass, minmay_misc_feat_iff
D:5:      layout_gridville, mainiacjoe_overflow_swirl,
          minmay_temple_entry_poolview, gammafunk_ghost_necromancy, uniq_pikel

Table legend: (Time is in decaauts)
 A = Elapsed time spent in this place.
 B = Non-inter-level travel time spent in this place.
 C = Inter-level travel time spent in this place.
 D = Time resting spent in this place.
 E = Time spent auto-exploring this place.
 F = Levels seen in this place.
 G = Mean time per level.
                   A        B        C        D        E       F      G
               +--------+--------+--------+--------+--------+-----+--------+
         Total |   3239 |   3107 |    132 |     96 |   2250 |   5 |  647.8 |
       Dungeon |   3239 |   3107 |    132 |     96 |   2250 |   5 |  647.8 |
               +--------+--------+--------+--------+--------+-----+--------+

Top non-repeatable levels by time:
     D:2: 965 daAuts
     D:4: 885 daAuts
     D:3: 826 daAuts
     D:1: 537 daAuts
     D:5: 24 daAuts

Table legend:
 A = Kills in this place as a percentage of kills in the entire game.
 B = Kills by you in this place as a percentage of kills by you in the entire game.
 C = Kills by friends in this place as a percentage of kills by friends in the entire game.
 D = Other kills in this place as a percentage of other kills in the entire game.
 E = Experience gained in this place as a percentage of experience gained in the entire game.
 F = Experience gained in this place divided by the number of levels of this place that you have seen.
                   A       B       C       D       E      F
               +-------+-------+-------+-------+-------+----------------------
         Total | 100.0 | 100.0 |   N/A |   N/A | 100.0 |  77.8
       Dungeon | 100.0 | 100.0 |   N/A |   N/A | 100.0 |  77.8
               +-------+-------+-------+-------+-------+----------------------
